 Dungeon Crawl Stone Soup version 0.16-a0-3884-g0a5f664 (webtiles) character file.

685829 HungrySpirit the Shatterer (level 27, -2/384 (390) HPs)
             Began as an Ogre Wanderer on Feb 1, 2015.
             Was the Champion of the Shining One.
             Slain by a fire giant
             ... wielding a +1 great sword of flaming
             ... created by the fury of Okawaru
              (20 damage)
             ... on level 1 of the Abyss on Feb 2, 2015.
             The game lasted 05:30:37 (84448 turns).

HungrySpirit the Shatterer (Ogre Wanderer)         Turns: 84448, Time: 05:30:38

HP:   -2/384 (390)  AC: 33    Str: 25      XL:     27
MP:   35/50         EV: 17    Int: 16 (18) God:    the Shining One [******]
Gold: 8937          SH: 12    Dex: 13 (15) Spells: 13 memorised, 23 levels left

rFire  + + .     SeeInvis .     P - +9 giant spiked club (holy)
rCold  + . .     Clarity  +     U - melded +2 robe {MR+}
rNeg   + + +     SustAb   .     (shield restricted)
rPois  ∞         Gourm    .     Y - +0 hat of the Forest {rF+ Str-3 Int+2}
rElec  +         Spirit   .     g - +1 cloak "Isozilo" {Regen+}
rCorr  .         Warding  .     (gloves unavailable)
rMut   +         Stasis   .     (boots unavailable)
MR     ++...                    o - amulet of resist mutation
Stlth  +.........               E - ring "Voigece" {rPois+ rF+ MP+9 Dex+2}
                                r - ring "Kyunew" {rPois+ rC+ Dex+3} (curse)

@: divine shield, statue-form, stone skin, very slightly contaminated, hasted,
glowing, studying 2 skills, very resistant to hostile enchantments, very
unstealthy
A: unfitting armour, hooves 1, horns 1, (iridescent scales 0), blurry vision 1,
clarity, clever 1, deterioration 1, low mp 1, poison resistance, electricity
resistance, (tough skin 0), weak 1
a: End Transformation, Divine Shield, Cleansing Flame, Summon Divine Warrior,
Renounce Religion
}: 4/15 runes: decaying, slimy, silver, gossamer


You were on level 1 of the Abyss.
You worshipped the Shining One.
The Shining One was exalted by your worship.
You were not hungry.
You were a stone statue.
You visited 11 branches of the dungeon, and saw 60 of its levels.
You visited Pandemonium 1 time, and saw 5 of its levels.
You visited the Abyss 1 time.
You also visited: Labyrinth, Trove, Ossuary and Ice Cave.

You collected 10932 gold pieces.
You spent 1995 gold pieces at shops.

Inventory:

Hand weapons
 P - a +9 giant spiked club of holy wrath (weapon)
Missiles
 V - 71 large rocks (quivered)
Armour
 c - a +1 steam dragon armour
 g - the +1 cloak "Isozilo" (worn) {Regen+}
   (You bought it in a shop on level 4 of the Orcish Mines)

   It increases your rate of regeneration.
 U - a +2 robe of magic resistance (melded)
 Y - the +0 hat of the Forest (worn) {rF+ Str-3 Int+2}
   (Okawaru gifted it to you on level 5 of the Depths)

   It affects your strength (-3).
   It affects your intelligence (+2).
   It protects you from fire.
Jewellery
 b - the amulet "Skeack" {rCorr Dex+7}
   (You found it on level 2 of the Elven Halls)

   [amulet of resist corrosion]

   It protects you from acid and corrosion.
   It affects your dexterity (+7).
 i - an uncursed ring of teleport control
 m - an uncursed ring of protection from cold
 o - an amulet of resist mutation (around neck)
 q - an uncursed ring of see invisible
 r - the cursed ring "Kyunew" (left hand) {rPois+ rC+ Dex+3}
   (You found it in a treasure trove)

   [ring of dexterity]

   It affects your dexterity (+3).
   It protects you from cold.
   It protects you from poison.
   It has a curse placed upon it.
 s - the ring of Muimerev {+Fly rElec rN+ MP+9}
   (You found it in a treasure trove)

   [ring of flight]

   It insulates you from electricity.
   It protects you from negative energy.
   It affects your magic capacity (+9).
   It lets you fly.
 E - the ring "Voigece" (right hand) {rPois+ rF+ MP+9 Dex+2}
   (You found it on level 3 of the Crypt)

   [ring of magical power]

   It affects your dexterity (+2).
   It protects you from fire.
   It protects you from poison.
   It affects your magic capacity (+9).
 H - an uncursed ring of teleportation
 J - the amulet "Sonocler" {Gourm Int+6 Dex-4 Slay+2}
   (You found it on level 3 of the Crypt)

   [amulet of the gourmand]

   It allows you to eat raw meat even when not hungry.
   It affects your intelligence (+6).
   It affects your dexterity (-4).
   It affects your accuracy and damage with ranged weapons and melee attacks
   (+2).
 N - the ring of Lies {rElec rF+ rN+ MR- Str-2 Dex+4}
   (You found it on level 3 of the Crypt)

   [ring of positive energy]

   It affects your strength (-2).
   It affects your dexterity (+4).
   It protects you from fire.
   It insulates you from electricity.
   It protects you from negative energy.
   It affects your resistance to hostile enchantments.
 Q - the amulet of Suidon {rF+ Regen+ Dex+3}
   (You found it on level 4 of the Depths)

   [amulet of regeneration]

   It affects your dexterity (+3).
   It protects you from fire.
   It increases your rate of regeneration.
Magical devices
 v - a wand of teleportation (1)
 w - a wand of teleportation (9)
 x - a wand of digging (16)
 F - a wand of disintegration (22)
Scrolls
 e - 15 scrolls of teleportation
 h - 4 scrolls of magic mapping
 k - 2 scrolls of identify
 u - 14 scrolls of enchant armour
 A - 6 scrolls of fog
 K - 7 scrolls of enchant weapon
 L - 4 scrolls of silence
 O - 12 scrolls of remove curse
 R - 8 scrolls of blinking
 S - a scroll of brand weapon
 T - 9 scrolls of fear
 W - 3 scrolls of holy word
Potions
 a - 5 potions of resistance
 d - 6 potions of cure mutation
 l - 3 potions of might
 n - 11 potions of brilliance
 t - 2 potions of lignification
 B - 9 potions of restore abilities
 C - 2 potions of cancellation
 D - 6 potions of magic
 G - 3 potions of haste
 I - 13 potions of curing
 M - 8 potions of agility
 X - a potion of heal wounds
Books
 j - a manual of
Armour
 y - a manual of Charms
Miscellaneous
 p - 3 phantom mirrors
Comestibles
 f - 14 meat rations
 z - 28 bread rations


   Skills:
 + Level 21.8 Fighting
   Level 2.1(9.7) Axes
 - Level 21.9(22.0) Maces & Flails
 - Level 15.5 Throwing
 - Level 12.2 Armour
 - Level 14.1 Dodging
 - Level 1.0 Stealth
 - Level 5.6 Unarmed Combat
 + Level 20.6 Spellcasting
 - Level 6.8 Hexes
 * Level 12.3 Charms
 - Level 7.1 Necromancy
 - Level 11.0 Transmutations
 - Level 12.4 Air Magic
 + Level 13.9 Earth Magic
 * Level 12.8 Invocations
 - Level 1.0 Evocations


You had 23 spell levels left.
You knew the following spells:

 Your Spells              Type           Power        Failure   Level  Hunger
a - Shroud of Golubria    Chrm/Tloc      #####.....   1%          2    None
b - Regeneration          Chrm/Necr      #####.....   1%          3    None
c - Stoneskin             Trmt/Erth      ######..     1%          2    None
d - Spectral Weapon       Hex/Chrm       #####...     1%          3    None
e - Haste                 Chrm           ######..     2%          6    #####..
f - Silence               Hex/Air        #####.....   1%          5    ###....
g - Statue Form           Trmt/Erth      ######...    2%          6    #####..
h - Deflect Missiles      Chrm/Air       ######....   2%          6    #####..
i - Repel Missiles        Chrm/Air       ######       1%          2    None
j - Summon Butterflies    Summ           ###.....     3%          1    None
k - Flight                Chrm/Air       ######....   1%          3    None
l - Ozocubu's Armour      Chrm/Ice       #####...     1%          3    None
m - Cure Poison           Pois           ###.......   6%          2    None


Dungeon Overview and Level Annotations

Branches:
Dungeon (15/15)            Temple (1/1) D:5            Lair (8/8) D:11
  Swamp (5/5) Lair:4       Spider (5/5) Lair:4        Slime (6/6) Lair:8
    Orc (4/4) D:12            Elf (3/3) Orc:3        Vaults (5/5) D:14
  Crypt (3/3) Vaults:3       Tomb (0/3) Crypt:3      Depths (5/5) D:15
    Zot (0/5) Depths:5

Altars:
Ashenzari
Cheibriados
Dithmenos
Elyvilon
Fedhas
Gozag
Kikubaaqudgha
Makhleb
Nemelex Xobeh
Okawaru
Qazlal
Ru
Sif Muna
Trog
Vehumet
Xom
Yredelemnul
Zin
The Shining One
Beogh
Jiyva
Lugonu

Shops:
D:4 (}*   D:9 (   D:12 *   Orc:2 =   Orc:3 (   Orc:4 [:*[(   Elf:3 =
Vaults:2 (

Portals:
Hell: Depths:1 Depths:2 Depths:3 Depths:4 Depths:5
Abyss: Depths:2* Depths:4
Pandemonium: Depths:1 Depths:3
Ziggurat: Depths:5

Annotations:
Lair:8 runed door
Slime:6 exclusion: upstairs
Elf:2 runed door


Innate Abilities, Weirdness & Mutations

You are too large for most types of armour.
((You have tough skin (AC +1).))
You have large cloven feet.
You have a pair of small horns on your head.
((You are partially covered in iridescent scales (AC +4).))
Scrolls take you a little longer to read.
You possess an exceptional clarity of mind.
Your mind is acute. (Int +2)
Your body is slowly deteriorating.
Your magical capacity is low (-10% MP).
Your system is resistant to poisons.
You are resistant to electric shocks.
You are weak. (Str -2)


Message History

The frost giant freezes you.
* * * LOW HITPOINT WARNING * * *
Unknown command.
Read which item? (? for menu, Esc to quit)
Okay, then.
Read which item? (? for menu, Esc to quit)
Okay, then.
Read which item? (? for menu, Esc to quit)
Okay, then.
Casting: Haste
Confirm with . or Enter, or press ? or * to list all spells.
Okay, then.
Use which ability? (? or * to list)
Okay, then.
Read which item? (? for menu, Esc to quit)
The grey draconian hits you but does no damage.
You block the grey draconian's attack. The red draconian hits you with a mace.
* * * LOW HITPOINT WARNING * * *
The fire giant hits you with a great sword of flaming!!
You die...

... .._.?.. .....
. ..... . ...
##...## ...
....#.....#....
...............
.....)..dC.......
.......d8e.......
.....#.CC..#.....
. ##...## . ..§..
#..##.. #.. ..#
... ... .... ...
.


You could see a deep elf blademaster, 2 frost giants, a red draconian, a grey
draconian and a fire giant.

Vanquished Creatures
  the royal jelly (Slime:6)
  2 pandemonium lords (Pan)
  2 ancient liches
  A greater mummy (Crypt:3)
  Boris (Vaults:5)
  Sojobo (Depths:4)
  Margery (Crypt:1)
  Norris (Swamp:3)
  Saint Roka (Swamp:4)
  A caustic shrike (Depths:3)
  3 golden dragons
  A profane servitor (Crypt:3)
  Xtahua (Vaults:5)
  A bone dragon (Crypt:3)
  Arachne (Spider:2)
  Nikola (Swamp:2)
  A Hell Sentinel (Pan)
  6 tentacled monstrosities
  8 liches
  11 titans
  7 deep elf blademasters
  Asterion (Vaults:2)
  7 deep elf master archers
  An Executioner (Pan)
  18 acid blobs
  5 tengu reavers
  Rupert (Spider:5)
  6 sphinxes
  Agnes (Swamp:2)
  2 ancient champions
  3 storm dragons
  Kirke (Swamp:2)
  A shadow dragon (shapeshifter) (Depths:4)
  7 azure jellies
  9 shadow dragons
  Frances (Spider:3)
  Roxanne (Swamp:3)
  21 fire giants
  2 revenants (Crypt:1)
  A draconian monk (Depths:5)
  Wiglaf (Swamp:2)
  3 iron dragons (Vaults:5)
  23 frost giants
  5 ghost moths
  2 orc warlords
  A draconian knight (Depths:5)
  8 emperor scorpions
  2 cacodemons (Pan)
  2 balrugs (Pan)
  3 curse skulls
  Gastronok (Lair:1)
  11 deep elf sorcerers
  24 vault wardens
  17 ironheart preservers
  2 caustic shrike zombies (Depths:3)
  Jorgrun (Swamp:3)
  2 reapers
  The ghost of dysrexia the Fighter, a powerful GrFi of Okawaru (Spider:4)
  12 ghouls
  18 very ugly things
  5 war gargoyles
  27 stone giants
  2 blood saints (Pan)
  2 grey draconians
  5 corrupters (Pan)
  3 vampire knights
  8 deep elf demonologists
  A green draconian (Depths:5)
  12 deep elf annihilators
  3 pale draconians
  Azrael (Elf:2)
  A mottled draconian (Vaults:1)
  2 chaos champions (Pan)
  6 dire elephants
  2 yellow draconians (Vaults:1)
  A red draconian (Pan)
  4 blizzard demons (Pan)
  2 purple draconians
  3 white draconians
  An unborn (Crypt:3)
  5 green deaths
  10 deep elf death magi
  13 eidola
  19 ettins
  Snorg (D:12)
  4 black suns (Pan)
  A minotaur (shapeshifter) (Depths:4)
  A merfolk javelineer (Depths:1)
  31 vault guards
  2 minotaurs
  14 crystal guardians
  6 fire dragons
  A fire dragon (shapeshifter) (Depths:4)
  4 deep elf high priests
  9 death oozes
  13 ice dragons
  An ice dragon (shapeshifter) (Depths:3)
  13 great orbs of eyes
  22 yaktaur captains
  A ghost crab (Swamp:4)
  7 hell beasts
  6 rakshasas
  A spectral shadow dragon (Crypt:1)
  2 monstrous demonspawn (Pan)
  Nessos (Orc:4)
  3 spriggan air magi
  9 centaur warriors
  22 hydras
  2 tengu warriors (Depths:1)
  The ghost of xsansara the Archer, an experienced NaHu of Cheibriados (Lair:1)
  12 deep troll shamans
  32 dancing weapons
  11 deep troll earth magi
  2 death knights (Crypt:3)
  13 alligators
  A shock serpent (Depths:4)
  A thrashing horror (Swamp:5)
  19 ogre magi
  3 hell hogs (Pan)
  Urug (Orc:4)
  34 death yaks
  5 sun demons
  2 titan zombies (Crypt:3)
  4 spriggan berserkers
  6 vampire magi
  2 shock serpents (shapeshifter)
  3 catoblepae
  28 deep elf knights
  A death scarab (Crypt:3)
  4 fire crabs
  A titan skeleton (Vaults:3)
  A soul eater (Elf:1)
  Erolcha (D:9)
  3 iron trolls (Depths:4)
  An orc high priest (Orc:4)
  An ice devil (Pan)
  4 unseen horrors
  41 skeletal warriors
  17 hell knights
  A spriggan druid (Swamp:3)
  A ball lightning (Depths:4)
  3 infernal demonspawn (Pan)
  2 shadow wraiths
  2 golden dragon zombies (Crypt:3)
  2 gelid demonspawn (Pan)
  13 giant orange brains
  An anaconda zombie (Crypt:3)
  4 shadow demons
  2 storm dragon skeletons (Vaults:3)
  4 swamp dragons
  9 torturous demonspawn (Pan)
  14 deep elf summoners
  3 ice statues
  3 obsidian statues
  9 flayed ghosts
  A swamp dragon (shapeshifter) (Depths:4)
  5 shambling mangroves
  An anubis guard (shapeshifter) (Depths:4)
  Pikel (D:9)
  39 deep trolls
  A shadow dragon zombie (Depths:3)
  A tengu zombie (Depths:3)
  An anaconda skeleton (Crypt:1)
  20 ironbrand convokers
  12 necromancers
  28 orc knights
  9 hill giants
  An orb spider (shapeshifter) (Vaults:1)
  2 wolf spider zombies (Crypt:3)
  23 deep elf conjurers
  8 hornets
  A harpy (shapeshifter) (Vaults:3)
  12 harpies
  9 wizards
  2 manticores (Depths:1)
  3 stone giant zombies
  8 putrid demonspawn (Pan)
  3 orc sorcerers
  2 iron dragon zombies (Crypt:3)
  A lindwurm (Lair:5)
  35 wolf spiders
  4 fire giant zombies
  14 orb spiders
  3 sixfirhies
  A mana viper (shapeshifter) (Vaults:1)
  4 tengu skeletons
  A draconian (shapeshifter) (Vaults:4)
  A shadow dragon skeleton (Vaults:3)
  67 ugly things
  5 shining eyes
  10 cyclopes
  6 griffons
  3 moths of wrath
  2 frost giant zombies (Depths:3)
  19 phantasmal warriors
  15 elephants
  2 water nymphs (shapeshifter)
  A shining eye (shapeshifter) (Depths:4)
  2 frost giant skeletons
  A salamander (D:15)
  A stone giant skeleton (Vaults:3)
  A fire giant skeleton (Crypt:2)
  2 eyes of devastation
  A rust devil (Pan)
  16 vault sentinels
  3 black mambas
  A torpor snail (shapeshifter) (Vaults:1)
  4 torpor snails
  An octopode (shapeshifter) (D:15)
  9 komodo dragons
  15 orange demons
  8 kobold demonologists
  17 spiny frogs
  3 molten gargoyles (Depths:4)
  2 spriggan skeletons
  An efreet (Pan)
  5 spectral swamp worms (Depths:2)
  15 demonic crawlers
  An emperor scorpion zombie (Crypt:3)
  8 gargoyles
  A komodo dragon (shapeshifter) (Depths:3)
  2 dire elephant skeletons (Crypt:2)
  18 freezing wraiths
  A white draconian zombie (Crypt:2)
  6 hellwings
  4 smoke demons (Pan)
  A hellion (Pan)
  An alligator snapping turtle skeleton (Crypt:2)
  75 yaktaurs
  A yaktaur (shapeshifter) (Depths:4)
  8 red devils (Pan)
  A guardian mummy (Crypt:3)
  A tormentor (Pan)
  11 trolls
  2 fire drakes
  A death yak skeleton (Crypt:1)
  2 yaktaur skeletons (Vaults:3)
  A merfolk (D:15)
  2 hydra zombies
  A golden dragon simulacrum (Crypt:1)
  An elf (shapeshifter) (Depths:4)
  2 tengu conjurers
  13 deep elf priests
  3 polar bears
  15 bog bodies
  A slime creature (shapeshifter) (Depths:4)
  3 wind drakes (shapeshifter)
  24 jumping spiders
  A silent spectre (Crypt:2)
  2 two-headed ogres (shapeshifter)
  8 giant leeches
  An ushabti (Crypt:3)
  19 blink frogs
  A frost giant simulacrum (Crypt:1)
  An iron dragon simulacrum (Depths:3)
  2 jumping spiders (shapeshifter)
  8 raiju (Depths:4)
  91 slime creatures
  19 two-headed ogres
  A wandering mushroom (Lab)
  5 boulder beetles
  22 ravens
  A hydra skeleton (Crypt:1)
  A boulder beetle (shapeshifter) (Elf:3)
  A stone giant simulacrum (Crypt:1)
  2 ettin zombies
  A basilisk (shapeshifter) (Depths:4)
  A basilisk (Lair:8)
  A trapdoor spider zombie (D:13)
  60 redbacks
  6 wraiths
  8 large abominations
  23 trapdoor spiders
  2 spriggans (shapeshifter)
  3 ynoxinuls (Pan)
  A guardian serpent skeleton (Crypt:1)
  A tarantella (shapeshifter) (Vaults:3)
  A redback (shapeshifter) (Depths:4)
  A trapdoor spider (shapeshifter) (Depths:3)
  69 yaks
  A spriggan (Swamp:3)
  A fire dragon skeleton (Crypt:1)
  36 deep elf magi
  5 shadows
  9 hippogriffs
  7 baby alligators
  29 tarantellas
  43 deep elf fighters
  8 water elementals
  6 vampires
  Grum (D:9)
  12 air elementals
  A fire bat (shapeshifter) (Depths:4)
  A steam dragon (D:12)
  3 hungry ghosts
  3 wyverns
  3 neqoxecs (Pan)
  7 fire elementals
  7 wargs
  2 raven zombies
  A golden eye (shapeshifter) (Depths:1)
  7 golden eyes
  47 vampire mosquitoes
  3 humans (shapeshifter)
  A chaos spawn (Elf:1)
  A deep troll zombie (Depths:2)
  4 hogs (Swamp:1)
  A merfolk zombie (Crypt:3)
  2 ogre zombies
  8 raven skeletons (Crypt:3)
  3 mottled dragons
  Menkaure (D:4)
  A naga (shapeshifter) (Depths:5)
  A soldier ant (shapeshifter) (Vaults:3)
  A torturous demonspawn zombie (Crypt:2)
  3 porcupines
  23 swamp worms
  A hell hound (Elf:2)
  10 insubstantial wisps
  A spectral spiny frog (Crypt:1)
  13 wolves
  2 soldier ants
  21 water moccasins
  3 spiny frog zombies (Crypt:3)
  55 ogres
  57 orc warriors
  9 swamp drakes
  An ogre (shapeshifter) (Depths:3)
  5 phantoms
  2 snapping turtle zombies
  4 wasps
  7 sky beasts
  2 swamp dragon zombies
  11 eyes of draining
  7 ice beasts
  A boring beetle (shapeshifter) (Depths:4)
  30 spiders
  3 black bears
  2 boggarts (Vaults:2)
  A tengu (shapeshifter) (Depths:1)
  13 necrophages (Crypt:3)
  2 centaurs (shapeshifter)
  9 big kobolds
  21 crocodiles
  A manticore skeleton (Crypt:2)
  A snapping turtle skeleton (Crypt:1)
  5 human skeletons
  3 boring beetles
  A big kobold (shapeshifter) (Vaults:2)
  A lost soul (Crypt:3)
  2 elf zombies
  10 centaurs
  A brain worm (D:15)
  10 earth elementals (Depths:4)
  A brain worm (shapeshifter) (Vaults:5)
  A yaktaur zombie (Crypt:1)
  A dryad skeleton (Crypt:2)
  22 giant frogs
  A spider zombie (Crypt:2)
  17 scorpions
  11 killer bees
  6 wights
  2 troll zombies (Crypt:1)
  2 human simulacra (Vaults:3)
  A raiju zombie (Crypt:2)
  A yak skeleton (Crypt:1)
  A scorpion (shapeshifter) (Vaults:5)
  A raiju skeleton (Crypt:2)
  9 electric eels
  5 crimson imps
  2 small abominations
  A soldier ant zombie (Crypt:1)
  6 centaur zombies
  2 goliath beetles
  12 hounds
  23 jellies
  32 orc priests
  9 human zombies
  34 orc wizards
  7 centaur skeletons
  3 giant frog skeletons
  A worker ant (shapeshifter) (Depths:4)
  20 sheep
  6 hell rats
  4 worker ants
  10 iguanas
  2 big kobold zombies (Ossuary)
  A hound skeleton (D:4)
  2 hound zombies
  4 mummies
  A worker ant zombie (D:7)
  Robin (D:3)
  22 adders
  9 gnolls
  4 giant mites
  2 shadow imps (D:9)
  A white imp (D:13)
  37 river rats
  6 worms
  An ufetubus (D:13)
  An adder skeleton (D:4)
  3 giant geckos
  5 oozes
  222 orcs
  13 bats
  2 bat skeletons
  A bat zombie (D:7)
  8 giant cockroaches
  26 goblins
  27 hobgoblins
  A hobgoblin (shapeshifter) (Vaults:5)
  A kobold (shapeshifter) (Depths:4)
  32 kobolds
  6 quokkas
  A ball python (D:4)
  A ball python skeleton (D:4)
  A giant cockroach zombie (D:6)
  A giant gecko skeleton (D:7)
  5 giant newts
  A goblin (shapeshifter) (Vaults:5)
  A goblin zombie (Ossuary)
  7 hobgoblin zombies (Ossuary)
  A jackal skeleton (D:4)
  A jackal zombie (Ossuary)
  A kobold simulacrum (Crypt:2)
  9 kobold zombies (Ossuary)
  12 orc zombies (Ossuary)
  A quokka skeleton (D:5)
  14 rats
  A crawling corpse (Elf:1)
  4 fungi
  A plant (Depths:1)
3373 creatures vanquished.

Vanquished Creatures (collateral kills)
  A deep elf blademaster (Pan)
  A balrug (Pan)
  A stone giant (Pan)
  A hellwing (Pan)
  3 orange demons (Pan)
  A red devil (Pan)
8 creatures vanquished.

Vanquished Creatures (others)
  A deep elf master archer (Crypt:3)
  4 spectral weapons
  A frost giant (Vaults:1)
  A deep elf high priest (Elf:3)
  A dancing weapon (Depths:4)
  5 ball lightnings (Depths:4)
  A giant orange brain (Depths:4)
  A necromancer (Crypt:1)
  A shadow dragon skeleton (Depths:3)
  2 deep elf magi
  A deep elf fighter (Vaults:4)
  A slave (D:9)
  11 lost souls
  A spiny frog simulacrum (Crypt:1)
  A quasit (D:9)
  A hound (D:9)
  An orc wizard (Vaults:5)
  An orc (Vaults:4)
  A giant cockroach (Lair:5)
  A goblin zombie (Crypt:1)
  7 fungi
  8 plants
53 creatures vanquished.

Grand Total: 3434 creatures vanquished

Notes
Turn   | Place    | Note
--------------------------------------------------------------
     0 | D:1      | HungrySpirit, the Ogre Wanderer, began the quest for the Orb.
     0 | D:1      | HungrySpirit set off with: a +0 mace, a wand of random effects (15), a +0 robe, a meat ration
     0 | D:1      | Reached XP level 1. HP: 22/22 MP: 1/1
    43 | D:1      | Reached skill level 1 in Maces & Flails
   360 | D:1      | Reached skill level 3 in Fighting
   598 | D:1      | Reached XP level 2. HP: 31/31 MP: 2/2
  1151 | D:1      | Reached XP level 3. HP: 35/37 MP: 3/3
  1734 | D:2      | Found a burning altar of Makhleb.
  1746 | D:2      | Reached skill level 4 in Maces & Flails
  1746 | D:2      | Reached XP level 4. HP: 24/48 MP: 4/4
  2427 | D:2      | Reached skill level 5 in Maces & Flails
  2427 | D:2      | Reached XP level 5. HP: 54/54 MP: 5/5
  2896 | D:3      | Found an iron altar of Okawaru.
  3183 | D:3      | Became a worshipper of Warmaster Okawaru
  3428 | D:3      | Noticed Robin
  3457 | D:3      | Killed Robin
  3472 | D:3      | Reached skill level 1 in Dodging
  3724 | D:4      | Reached skill level 6 in Maces & Flails
  3724 | D:4      | Reached XP level 6. HP: 50/63 MP: 7/7
  4012 | D:4      | Found Pepoq's General Store.
  4026 | D:4      | Bought a potion of flight for 39 gold pieces
  4109 | D:4      | Found Mnamn's Gadget Shop.
  4195 | D:4      | Reached skill level 5 in Fighting
  4268 | D:4      | Acquired Okawaru's first power
  4426 | D:4      | Noticed Menkaure
  4433 | D:5      | Entered Level 5 of the Dungeon
  4669 | D:4      | Killed Menkaure
  4669 | D:4      | Reached skill level 7 in Maces & Flails
  4669 | D:4      | Reached XP level 7. HP: 64/72 MP: 8/8
  4742 | D:4      | Noticed an ogre
  4748 | D:4      | Killed an ogre
  5029 | D:4      | Noticed a wyvern
  5043 | D:4      | Killed a wyvern
  5043 | D:4      | Reached skill level 8 in Maces & Flails
  5358 | D:4      | Found Vaec's Weapon Shop.
  6016 | D:5      | Reached XP level 8. HP: 71/84 MP: 9/9
  6071 | D:5      | Found a staircase to the Ecumenical Temple.
  6126 | D:5      | Reached skill level 9 in Maces & Flails
  6953 | D:6      | Found a stormy altar of Qazlal.
  7153 | D:6      | Reached skill level 10 in Maces & Flails
  7759 | D:6      | Reached XP level 9. HP: 92/94 MP: 10/10
  7939 | D:7      | Found a shimmering altar of Xom.
  7965 | D:7      | Found a sand-covered staircase.
  7975 | Ossuary  | Entered an ossuary
  8059 | Ossuary  | Reached skill level 11 in Maces & Flails
  8402 | D:7      | Reached skill level 5 in Dodging
  8623 | D:7      | Found an opulent altar of Gozag.
  8853 | D:7      | Reached skill level 12 in Maces & Flails
  8884 | D:7      | Found a blossoming altar of Fedhas.
  9189 | D:7      | Gained mutation: You have large cloven feet. [mutagenic meat]
  9190 | D:7      | Gained mutation: Scrolls take you a little longer to read. [mutagenic meat]
  9191 | D:7      | Gained mutation: You are weak. (Str -2) [mutagenic meat]
  9487 | D:8      | Reached XP level 10. HP: 77/107 MP: 11/11
  9853 | D:8      | Found a shadowy altar of Dithmenos.
  9942 | D:8      | HP: 5/107 [poisoned by a killer bee]
  9947 | D:7      | HP: 3/107 [poisoned by a killer bee]
  9952 | D:8      | HP: 3/107 [poisoned by a killer bee]
  9958 | D:7      | HP: 2/107 [poisoned by a killer bee]
  9966 | D:7      | HP: 3/107 [poisoned by a killer bee]
 10446 | D:8      | Reached skill level 13 in Maces & Flails
 11163 | D:9      | Noticed Grum
 11369 | D:9      | Noticed Pikel
 11377 | D:9      | Killed Pikel
 11377 | D:9      | Reached skill level 10 in Fighting
 11397 | D:9      | Found Qyoroug's Weapon Shop.
 11554 | D:9      | Reached skill level 1 in Throwing
 11561 | D:9      | Killed Grum
 11682 | D:9      | Noticed Erolcha
 11692 | D:9      | Killed Erolcha
 11692 | D:9      | Acquired Okawaru's second power
 11692 | D:9      | Reached skill level 14 in Maces & Flails
 11909 | D:10     | Entered Level 10 of the Dungeon
 12443 | D:10     | Reached XP level 11. HP: 72/119 MP: 12/12
 12603 | D:10     | Noticed a hill giant
 12611 | D:10     | Killed a hill giant
 13446 | D:11     | Received a gift from Okawaru
 13529 | D:11     | Noticed a four-headed hydra
 13537 | D:11     | Killed a four-headed hydra
 13537 | D:11     | Reached skill level 5 in Throwing
 13733 | D:11     | Reached skill level 15 in Maces & Flails
 13741 | D:11     | Gained mutation: You possess an exceptional clarity of mind. [mutagenic meat]
 13743 | D:11     | Gained mutation: You are partially covered in iridescent scales (AC +4). [mutagenic meat]
 14003 | D:11     | Found a staircase to the Lair.
 14394 | D:11     | Reached XP level 12. HP: 130/130 MP: 14/14
 14402 | D:11     | Noticed a hill giant
 14405 | D:11     | Killed a hill giant
 14533 | Lair:1   | Entered Level 1 of the Lair of Beasts
 14566 | Lair:1   | Found a labyrinth entrance.
 14576 | Lab      | Entered a labyrinth
 15436 | Lab      | Noticed a minotaur
 15468 | Lab      | Killed a minotaur
 15485 | Lab      | Got a pitted long sword
 15782 | Lair:1   | Noticed Gastronok
 15802 | Lair:1   | Killed Gastronok
 15802 | Lair:1   | Reached XP level 13. HP: 127/139 MP: 13/15
 15987 | Lair:1   | Noticed a seven-headed hydra
 15992 | Lair:1   | Killed a seven-headed hydra
 15992 | Lair:1   | Reached skill level 16 in Maces & Flails
 16016 | Lair:1   | Noticed xsansara's ghost (experienced NaHu)
 16026 | Lair:1   | Killed xsansara's ghost
 16026 | Lair:1   | Received a gift from Okawaru
 18638 | Lair:4   | Reached skill level 17 in Maces & Flails
 18682 | Lair:4   | Found a frozen archway.
 18692 | IceCv    | Entered an ice cave
 18814 | Lair:4   | Found a hole to the Spider Nest.
 19690 | Lair:4   | Found a staircase to the Swamp.
 20206 | Lair:5   | Received a gift from Okawaru
 20209 | Lair:5   | Got a transparent dire flail {god gift}
 20210 | Lair:5   | Identified the -1 dire flail of Hunteox {elec, rF+} (Okawaru gifted it to you on level 5 of the Lair of Beasts)
 20913 | Lair:5   | Reached XP level 14. HP: 120/153 MP: 16/16
 21117 | Lair:5   | Reached skill level 18 in Maces & Flails
 21133 | Lair:5   | Found a hole to the Spider Nest.
 22633 | Lair:5   | Received a gift from Okawaru
 23184 | Lair:6   | Reached skill level 1 in Invocations
 23251 | Lair:6   | Identified a scroll of acquirement
 23261 | Lair:6   | Reached skill level 19 in Maces & Flails
 23273 | Lair:6   | Received a gift from Okawaru
 23274 | Lair:6   | Got a slimy large shield
 24013 | Lair:6   | Received a gift from Okawaru
 24080 | Lair:7   | Reached skill level 10 in Dodging
 24518 | Lair:7   | Received a gift from Okawaru
 24967 | Lair:8   | Entered Level 8 of the Lair of Beasts
 25071 | Lair:8   | Reached XP level 15. HP: 129/165 MP: 15/21
 25699 | Lair:8   | Reached skill level 20 in Maces & Flails
 25748 | Lair:8   | Gained mutation: You are resistant to electric shocks. [potion of mutation]
 25748 | Lair:8   | Gained mutation: Your magical capacity is low (-10% MP). [potion of mutation]
 25748 | Lair:8   | Gained mutation: You have a pair of small horns on your head. [potion of mutation]
 25759 | Lair:8   | Received a gift from Okawaru
 25848 | Lair:8   | Reached skill level 5 in Invocations
 26527 | Lair:8   | Received a gift from Okawaru
 26699 | Lair:8   | Found a runed door.
 26830 | Lair:8   | Found a viscous altar of Jiyva.
 26830 | Lair:8   | Found a staircase to the Slime Pits.
 27212 | D:12     | Found a portal to a secret trove of treasure.
 27264 | D:12     | Found a blossoming altar of Fedhas.
 27284 | D:12     | Received a gift from Okawaru
 27587 | D:12     | Found a staircase to the Orcish Mines.
 27594 | D:12     | Reached skill level 15 in Fighting
 27620 | D:12     | Reached skill level 1 in Spellcasting
 28175 | D:12     | Found Ruruokh's General Store.
 28183 | D:12     | Bought a scroll of acquirement for 676 gold pieces
 28189 | D:12     | Got a warped hat
 28200 | D:12     | Identified the -3 hat "Kubic" {rPois+ rN+} (You acquired it on level 12 of the Dungeon)
 28251 | Orc:1    | Entered Level 1 of the Orcish Mines
 28251 | Orc:1    | Noticed Snorg
 28274 | D:12     | Killed Snorg
 28693 | Orc:1    | Received a gift from Okawaru
 28909 | Orc:2    | Found Miur's Jewellery Shoppe.
 29375 | Orc:3    | Found a staircase to the Elven Halls.
 29480 | Orc:3    | Found Cuavut's Antique Weapon Emporium.
 29868 | Orc:3    | Found a roughly hewn altar of Beogh.
 30315 | Orc:4    | Entered Level 4 of the Orcish Mines
 30331 | Orc:4    | Noticed Nessos
 30339 | Orc:4    | Killed Nessos
 30525 | Orc:4    | Found Psag's Armour Emporium.
 30620 | Orc:4    | Received a gift from Okawaru
 30763 | Orc:4    | Reached XP level 16. HP: 176/176 MP: 23/23
 31024 | Orc:4    | Found a roughly hewn altar of Beogh.
 31289 | Orc:4    | Reached skill level 21 in Maces & Flails
 31409 | Orc:4    | Found Gug Par's Book Shop.
 31424 | Orc:4    | Found Zadizo's General Store.
 31436 | Orc:4    | Noticed Urug
 31444 | Orc:4    | Killed Urug
 31571 | Orc:4    | Found Linemari's Antique Weapon Shop.
 31587 | Orc:4    | Found Morus' Antique Armour Shop.
 31594 | Orc:4    | Bought a distressingly furry cloak for 256 gold pieces
 31611 | Orc:4    | Bought a scroll of identify for 20 gold pieces
 31629 | Orc:4    | Bought a book of Transfigurations for 770 gold pieces
 31632 | Orc:4    | Learned a level 2 spell: Shroud of Golubria
 31636 | Orc:4    | Learned a level 3 spell: Regeneration
 31639 | Orc:4    | Learned a level 2 spell: Stoneskin
 31953 | D:13     | Received a gift from Okawaru
 31979 | D:13     | Identified the cursed +1 cloak "Isozilo" {Regen+} (You bought it in a shop on level 4 of the Orcish Mines)
 32013 | D:13     | Reached skill level 1 in Charms
 32013 | D:13     | Reached skill level 1 in Earth Magic
 32125 | D:13     | Reached skill level 1 in Transmutations
 32173 | D:13     | Received a gift from Okawaru
 32412 | D:14     | Found a gate to the Vaults.
 32855 | D:14     | Learned a level 3 spell: Spectral Weapon
 33105 | D:14     | Received a gift from Okawaru
 33291 | D:15     | Entered Level 15 of the Dungeon
 33898 | D:15     | Found a staircase to the Depths.
 35217 | Spider:1 | Entered Level 1 of the Spider Nest
 35484 | Spider:1 | Reached skill level 5 in Spellcasting
 36001 | Spider:1 | Reached XP level 17. HP: 159/187 MP: 25/25
 36328 | Spider:1 | Received a gift from Okawaru
 37044 | Spider:3 | Noticed Frances
 37050 | Spider:3 | Killed Frances
 37205 | Spider:3 | Received a gift from Okawaru
 38707 | Spider:4 | Received a gift from Okawaru
 39237 | Spider:4 | Noticed dysrexia's ghost (powerful GrFi)
 39256 | Spider:4 | Killed dysrexia's ghost
 39256 | Spider:4 | Received a gift from Okawaru
 39385 | Spider:5 | Entered Level 5 of the Spider Nest
 40337 | Spider:5 | Reached XP level 18. HP: 198/198 MP: 27/29
 40376 | Spider:5 | Received a gift from Okawaru
 40648 | Spider:5 | Noticed Rupert
 40663 | Spider:5 | Killed Rupert
 40687 | Spider:5 | Reached XP level 19. HP: 176/206 MP: 30/30
 40904 | Spider:5 | Reached skill level 5 in Charms
 40936 | Spider:5 | Upgraded the game from 0.16-a0-3873-g452e4d5 to 0.16-a0-3884-g0a5f664
 41045 | Spider:5 | Got a gossamer rune of Zot
 41327 | Spider:2 | Noticed Arachne
 41335 | Spider:2 | Killed Arachne
 41447 | Swamp:1  | Entered Level 1 of the Swamp
 41654 | Swamp:1  | Received a gift from Okawaru
 42210 | Swamp:2  | Noticed Wiglaf
 42243 | Swamp:2  | Noticed Kirke
 42327 | Swamp:2  | Killed Kirke
 42340 | Swamp:2  | Noticed Nikola
 42345 | Swamp:2  | Killed Nikola
 42645 | Swamp:2  | Noticed Agnes
 42655 | Swamp:2  | Killed Wiglaf
 42658 | Swamp:2  | Killed Agnes
 42658 | Swamp:2  | Reached skill level 10 in Spellcasting
 43072 | Swamp:3  | Noticed Norris
 43086 | Swamp:3  | Killed Norris
 43149 | Swamp:3  | Reached skill level 5 in Earth Magic
 43264 | Swamp:3  | Noticed Jorgrun
 43269 | Swamp:3  | Killed Jorgrun
 43269 | Swamp:3  | Reached skill level 5 in Transmutations
 43641 | Swamp:3  | Noticed Roxanne
 43651 | Swamp:3  | Killed Roxanne
 43673 | Swamp:3  | Identified Roxanne's Incunabulum of the Harmful Mountains (You took it off Roxanne on level 3 of the Swamp)
 43681 | Swamp:3  | Learned a level 6 spell: Haste
 43687 | Swamp:3  | Learned a level 5 spell: Silence
 43694 | Swamp:3  | Learned a level 6 spell: Statue Form
 44002 | Swamp:4  | Noticed Saint Roka
 44017 | Swamp:4  | Killed Saint Roka
 44285 | Swamp:4  | Received a gift from Okawaru
 44733 | Swamp:5  | Entered Level 5 of the Swamp
 44787 | Swamp:5  | Reached XP level 20. HP: 110/218 MP: 32/32
 44997 | Swamp:5  | Reached skill level 1 in Hexes
 45373 | Swamp:5  | Got a decaying rune of Zot
 46386 | Depths:1 | Entered Level 1 of the Depths
 46545 | Depths:1 | Found a glowing silver altar of Zin.
 46732 | Depths:1 | Found a gateway to Hell.
 46875 | Depths:1 | Received a gift from Okawaru
 47179 | Depths:1 | Gained mutation: Your system is resistant to poisons. [mutagenic meat]
 47555 | Depths:1 | Found a one-way gate leading to the halls of Pandemonium.
 47804 | Depths:1 | Reached XP level 21. HP: 195/229 MP: 34/34
 47820 | Depths:1 | Reached skill level 5 in Hexes
 48164 | Depths:1 | Found a deep blue altar of Sif Muna.
 48289 | Depths:1 | Received a gift from Okawaru
 48347 | Depths:1 | Identified Syocagh's Guide on Excruciating Lightness
 48359 | Depths:1 | Learned a level 2 spell: Repel Missiles
 48362 | Depths:1 | Identified Xoalober's Catalogue of Boosting Enchantment (You found it on level 1 of the Depths)
 48370 | Depths:1 | Learned a level 6 spell: Deflect Missiles
 48400 | Depths:1 | Identified the Volume of Ensnaring Boosts
 48402 | Depths:1 | Identified the Tome of Confrontation
 48618 | Depths:1 | Identified Roheroh's Grimoire of the Hurtful Volcanoes
 48637 | Depths:1 | Identified Leloiseb's Compendium of Confrontation and Benedictions
 48768 | Depths:2 | Received a gift from Okawaru
 49629 | Depths:2 | Found a corrupted altar of Lugonu.
 49637 | Depths:2 | Found a one-way gate to the infinite horrors of the Abyss.
 50787 | Depths:3 | Received a gift from Okawaru
 50804 | Depths:3 | Reached XP level 22. HP: 78/240 MP: 35/35
 51300 | Depths:3 | Received a gift from Okawaru
 51397 | Depths:3 | Noticed a caustic shrike
 51538 | Depths:3 | Gained mutation: Your mind is acute. (Int +2) [potion of beneficial mutation]
 52127 | Depths:3 | Killed a caustic shrike
 52372 | Depths:3 | Received a gift from Okawaru
 52380 | Depths:3 | Got a heavily runed cloak {god gift}
 52477 | Depths:3 | Identified the -2 cloak of Defiance {+Inv Regen+ Int-2} (Okawaru gifted it to you on level 3 of the Depths)
 52523 | Depths:3 | Reached skill level 5 in Armour
 52849 | Depths:3 | Noticed a golden dragon
 52862 | Depths:3 | Killed a golden dragon
 53552 | Depths:4 | Noticed Sojobo
 53823 | Depths:4 | Killed Sojobo
 54404 | Depths:4 | Reached XP level 23. HP: 251/251 MP: 36/36
 54874 | Depths:4 | Got a steaming tin amulet
 54877 | Depths:4 | Identified the amulet of Suidon {rF+ Regen+ Dex+3} (You found it on level 4 of the Depths)
 55310 | Depths:5 | Entered Level 5 of the Depths
 55818 | Depths:5 | Reached skill level 10 in Earth Magic
 55978 | Depths:5 | Found a gate to the Realm of Zot.
 56608 | Depths:5 | Reached skill level 10 in Transmutations
 56611 | Depths:5 | Received a gift from Okawaru
 57062 | Depths:5 | Received a gift from Okawaru
 57069 | Depths:5 | Found a gateway to a ziggurat.
 57386 | Depths:5 | Received a gift from Okawaru
 57389 | Depths:5 | Got a pitted hat {god gift}
 57400 | Depths:5 | Identified the +0 hat of the Forest {rF+ Str-3 Int+2} (Okawaru gifted it to you on level 5 of the Depths)
 57753 | Elf:1    | Entered Level 1 of the Elven Halls
 58522 | Elf:2    | Reached XP level 24. HP: 216/264 MP: 36/36
 59168 | Elf:2    | Got a scintillating ivory amulet
 59296 | Elf:2    | Identified the amulet "Skeack" {rCorr Dex+7} (You found it on level 2 of the Elven Halls)
 59667 | Elf:2    | Found a huge runed gate.
 59667 | Elf:2    | Found a huge runed gate.
 59668 | Elf:2    | Found a huge runed gate.
 59674 | Elf:2    | Reached skill level 10 in Armour
 59816 | Elf:2    | Noticed Azrael
 59825 | Elf:2    | Killed Azrael
 60363 | Elf:3    | Entered Level 3 of the Elven Halls
 60428 | Elf:3    | Found Etodiub's Jewellery Shoppe.
 61052 | Elf:3    | Reached skill level 1 in Air Magic
 61235 | Elf:3    | Received a gift from Okawaru
 61905 | Elf:3    | Identified Kusuleun's Collected Works on the Mountains
 62121 | Vaults:1 | Entered Level 1 of the Vaults
 62257 | Vaults:1 | Found a white marble altar of Elyvilon.
 62483 | Vaults:1 | Received a gift from Okawaru
 62500 | Vaults:1 | Got an encrusted executioner's axe {god gift}
 62503 | Vaults:1 | Identified the +5 executioner's axe of Ghowk {chop, rC- Dex+6} (Okawaru gifted it to you on level 1 of the Vaults)
 62940 | Vaults:1 | Reached XP level 25. HP: 242/272 MP: 37/37
 63210 | Vaults:1 | Reached skill level 15 in Spellcasting
 63561 | Vaults:1 | You fall through a shaft!
 64091 | Vaults:2 | Reached skill level 5 in Air Magic
 64229 | Vaults:2 | Received a gift from Okawaru
 64864 | Vaults:2 | Noticed Asterion
 64874 | Vaults:2 | Killed Asterion
 64878 | Vaults:2 | Found an iron altar of Okawaru.
 65028 | Vaults:2 | Received a gift from Okawaru
 65191 | Vaults:2 | Received a gift from Okawaru
 65853 | Vaults:2 | Found Bloseirph's Weapon Shoppe.
 66668 | Vaults:3 | Found a staircase to the Crypt.
 66867 | Vaults:3 | Reached XP level 26. HP: 251/282 MP: 38/38
 67242 | Vaults:3 | Found a roughly hewn altar of Beogh.
 67305 | Vaults:3 | Received a gift from Okawaru
 67682 | Vaults:3 | Gained mutation: Your body is slowly deteriorating. [mutagenic glow]
 67698 | Vaults:3 | Received a gift from Okawaru
 68313 | Vaults:4 | Received a gift from Okawaru
 68475 | Vaults:4 | Got a vibrating golden ring
 68478 | Vaults:4 | Identified the ring "Saics" {Ice rPois+ Int+2} (You found it on level 4 of the Vaults)
 68948 | Vaults:4 | Received a gift from Okawaru
 69173 | Vaults:4 | Reached skill level 15 in Throwing
 69366 | Vaults:4 | Received a gift from Okawaru
 70387 | Slime:1  | Entered Level 1 of the Pits of Slime
 70635 | Slime:2  | Received a gift from Okawaru
 70638 | Slime:2  | Got a thick robe {god gift}
 70710 | Slime:2  | Identified the +1 robe of Valiance {SInv} (Okawaru gifted it to you on level 2 of the Pits of Slime)
 71024 | Slime:3  | Reached skill level 1 in Necromancy
 71807 | Slime:6  | Entered Level 6 of the Pits of Slime
 72031 | Slime:6  | Reached XP level 27. HP: 268/290 MP: 40/40
 72335 | Slime:6  | Noticed the royal jelly
 72343 | Slime:6  | Killed the royal jelly
 72395 | Slime:6  | Learned a level 1 spell: Summon Butterflies
 72484 | Slime:6  | Got a slimy rune of Zot
 72551 | Slime:6  | Identified the Compendium of the Escort
 72703 | Lair:5   | Reached skill level 10 in Air Magic
 72945 | D:12     | You showed the slimy rune of Zot to enter a treasure trove
 72946 | Trove    | Entered a treasure trove
 72959 | Trove    | Got a twisted cloak
 72962 | Trove    | Identified the -3 cloak "Ubuf" {Str+3 Int+2 Stlth+} (You found it in a treasure trove)
 72976 | Trove    | Got a bound granite ring
 72979 | Trove    | Identified the ring "Kyunew" {rPois+ rC+ Dex+3} (You found it in a treasure trove)
 72982 | Trove    | Got a scintillating turquoise ring
 72985 | Trove    | Identified the ring of Muimerev {+Fly rElec rN+ MP+9} (You found it in a treasure trove)
 72994 | Trove    | Got a faintly glowing giant spiked club
 72997 | Trove    | Identified the +3 giant spiked club of Royalism {speed, rN+ Int+3 Dex+2} (You found it in a treasure trove)
 73012 | Trove    | Got a smoking giant club
 73015 | Trove    | Identified the +6 giant club "Tuywomei" {flame, -Tele rElec rPois- rC+ Int-5} (You found it in a treasure trove)
 73269 | Vaults:5 | Entered Level 5 of the Vaults
 73303 | Vaults:5 | Received a gift from Okawaru
 73335 | Vaults:5 | Noticed an ancient lich
 73346 | Vaults:5 | Killed an ancient lich
 73585 | Vaults:5 | Received a gift from Okawaru
 73585 | Vaults:5 | Reached skill level 5 in Necromancy
 74322 | Vaults:5 | Got a smoking bronze ring
 74325 | Vaults:5 | Identified the ring of the Coward {+Blink rN+ MR- MP+9 Int+5 Dex+3} (You took it off a yaktaur captain on level 5 of the Vaults)
 74632 | Vaults:5 | Noticed an ancient lich
 74766 | Vaults:5 | Received a gift from Okawaru
 74897 | Vaults:5 | Received a gift from Okawaru
 74900 | Vaults:5 | Noticed Xtahua
 74905 | Vaults:5 | Reached skill level 1 in Unarmed Combat
 74908 | Vaults:5 | Killed Xtahua
 74948 | Vaults:5 | Received a gift from Okawaru
 74967 | Vaults:5 | Got a transparent robe {god gift}
 74970 | Vaults:5 | Identified the +1 robe of Zearijue {Str+3 SInv} (Okawaru gifted it to you on level 5 of the Vaults)
 74980 | Vaults:5 | Got a silver rune of Zot
 75151 | Vaults:5 | Got a heavily runed cloak
 75154 | Vaults:5 | Identified the +0 cloak "Haejiza" {Regen+} (You found it on level 5 of the Vaults)
 75288 | Vaults:5 | Noticed Boris
 75302 | Vaults:5 | Killed Boris
 76081 | Vaults:5 | Lost mutation: Your body is slowly deteriorating. [potion of mutation]
 76520 | D:4      | Bought a wand of teleportation (2) for 234 gold pieces
 76890 | Lair:3   | Learned a level 3 spell: Flight
 77227 | Temple   | Entered the Ecumenical Temple
 77275 | Temple   | Fell from the grace of Okawaru
 77275 | Temple   | Became a worshipper of the Shining One
 77644 | Crypt:1  | Entered Level 1 of the Crypt
 77856 | Crypt:1  | Acquired the Shining One's first power
 78098 | Crypt:1  | Noticed Margery
 78098 | Crypt:1  | Acquired the Shining One's second power
 78119 | Crypt:1  | Killed Margery
 78870 | Crypt:2  | Acquired the Shining One's third power
 79169 | Crypt:2  | Acquired the Shining One's fourth power
 79477 | Crypt:3  | Entered Level 3 of the Crypt
 79639 | Crypt:3  | Reached skill level 10 in Charms
 80037 | Crypt:3  | Found a staircase to the Tomb.
 80277 | Crypt:3  | Found a basalt altar of Yredelemnul.
 80533 | Crypt:3  | Got a smoking silver ring
 80537 | Crypt:3  | Identified Borgnjor's Guide on Boosting Dark Rituals
 80543 | Crypt:3  | Identified the Reference Book on Glacial Attacks
 80548 | Crypt:3  | Learned a level 3 spell: Ozocubu's Armour
 80556 | Crypt:3  | Identified the ring "Voigece" {rPois+ rF+ MP+9 Dex+2} (You found it on level 3 of the Crypt)
 80626 | Crypt:3  | Reached skill level 10 in Invocations
 80924 | Crypt:3  | Got a shimmering brass ring
 80924 | Crypt:3  | Got a smoking brass ring
 80924 | Crypt:3  | Got a warped turquoise ring
 80927 | Crypt:3  | Identified the ring of the King {rN+ MR+ Int+4} (You found it on level 3 of the Crypt)
 80931 | Crypt:3  | Identified the ring of Lies {rElec rF+ rN+ MR- Str-2 Dex+4} (You found it on level 3 of the Crypt)
 80933 | Crypt:3  | Identified the ring of Uduz {rN+ Dex+4} (You found it on level 3 of the Crypt)
 81106 | Crypt:3  | Noticed an ancient lich
 81115 | Crypt:3  | Killed an ancient lich
 81505 | Crypt:3  | Got a warped bronze amulet
 81508 | Crypt:3  | Identified the amulet "Sonocler" {Gourm Int+6 Dex-4 Slay+2} (You found it on level 3 of the Crypt)
 82361 | Temple   | Identified a +9 giant spiked club of holy wrath (a +9 giant spiked club of flaming blessed by the Shining One)
 82806 | Pan      | Entered Pandemonium
 82832 | Pan      | Gained mutation: Your body is slowly deteriorating. [a neqoxec]
 82835 | Pan      | Reached skill level 5 in Unarmed Combat
 82838 | Pan      | Noticed Priyqyuh the pandemonium lord
 82855 | Pan      | Killed Priyqyuh the pandemonium lord
 82878 | Pan      | HP: 19/380 [grey draconian/dire flail[the fury of Okawaru] (9)]
 82886 | Pan      | HP: 9/293 [balrug/fireball (7)]
 83359 | Pan      | Found an exit through the horrors of the Abyss.
 83680 | Pan      | Found an exit through the horrors of the Abyss.
 83740 | Pan      | Noticed Voimpo the pandemonium lord
 83768 | Pan      | Killed Voimpo the pandemonium lord
 83993 | Pan      | Identified the Almanac of Arcane Weapons and Poisoning
 83997 | Pan      | Learned a level 2 spell: Cure Poison
 84435 | Pan      | Took an exit into the Abyss.
 84435 | Abyss:1  | Escaped into the Abyss
 84435 | Abyss:1  | Found a corrupted altar of Lugonu.
 84448 | Abyss:1  | HP: 18/384 [red draconian/mace[the fury of Okawaru] (5)]
 84448 | Abyss:1  | Slain by a fire giant

Action                   |  1- 3 |  4- 6 |  7- 9 | 10-12 | 13-15 | 16-18 | 19-21 | 22-24 | 25-27 || total
-------------------------+-------+-------+-------+-------+-------+-------+-------+-------+-------++-------
Melee: Mace              |    97 |    48 |       |       |       |       |       |       |       ||   145
       Flail             |       |   200 |   236 |       |       |       |       |       |       ||   436
       Giant club        |       |       |   217 |    52 |       |       |       |       |       ||   269
       Giant spiked club |       |       |       |   139 |  1254 |   828 |   872 |   928 |  2618 ||  6639
       Great mace        |       |       |       |   121 |   154 |       |       |       |       ||   275
Throw: Large rock        |       |       |       |    37 |    52 |   131 |   427 |   593 |   561 ||  1801
 Cast: Stoneskin         |       |       |       |       |       |     1 |     3 |     6 |    45 ||    55
       Regeneration      |       |       |       |       |       |       |     2 |     7 |    13 ||    22
       Spectral Weapon   |       |       |       |       |       |       |     1 |     2 |     4 ||     7
       Repel Missiles    |       |       |       |       |       |       |     3 |     9 |    13 ||    25
       Shroud of Golubri |       |       |       |       |       |       |       |     4 |       ||     4
       Statue Form       |       |       |       |       |       |       |       |       |    23 ||    23
       Deflect Missiles  |       |       |       |       |       |       |       |       |     5 ||     5
       Haste             |       |       |       |       |       |       |       |       |     4 ||     4
       Ozocubu's Armour  |       |       |       |       |       |       |       |       |     4 ||     4
       Flight            |       |       |       |       |       |       |       |       |     1 ||     1
       Silence           |       |       |       |       |       |       |       |       |     1 ||     1
Invok: Heroism           |       |     1 |     3 |     8 |    47 |    21 |    23 |    22 |    14 ||   139
       Finesse           |       |       |       |       |     4 |     2 |     2 |     3 |       ||    11
       Summon Divine War |       |       |       |       |       |       |       |       |     3 ||     3
       Divine Shield     |       |       |       |       |       |       |       |       |     1 ||     1
 Abil: Evoke Teleport Co |       |       |       |       |       |       |       |       |     1 ||     1
Evoke: Wand              |       |       |     2 |     4 |     1 |     2 |       |       |    14 ||    23
       Sack of spiders   |       |       |       |     1 |     1 |       |       |       |       ||     2
  Use: Scroll            |     5 |     3 |     8 |     9 |    13 |    14 |    10 |    12 |    35 ||   109
       Potion            |       |       |     2 |     7 |     4 |     1 |     1 |     8 |    21 ||    44
 Stab: Sleeping          |       |       |     3 |       |     1 |     3 |       |       |     2 ||     9
       Confused          |       |       |       |     1 |     1 |       |       |       |       ||     2
       Distracted        |       |       |       |       |     1 |       |     1 |       |     1 ||     3
  Eat: Chunk             |     2 |    15 |    25 |    23 |    49 |     9 |     2 |    11 |     9 ||   145
       Beef jerky        |       |       |       |     1 |       |       |     9 |     7 |     4 ||    21
       Royal jelly       |       |       |       |       |     1 |       |     5 |       |     2 ||     8
       Pizza             |       |       |       |       |     1 |       |     2 |     1 |     2 ||     6
       Fruit             |       |       |       |       |       |    22 |    13 |       |     3 ||    38
       Meat ration       |       |       |       |       |       |       |       |     4 |    11 ||    15
       Bread ration      |       |       |       |       |       |       |       |       |     6 ||     6
